AoeStats
← Blazing Cartesia, The Virtuous

Arabia

509030897Analyzed
1v1 RM · 7d ago on Sep 25, 2026· 40m 33s· 2 players
Game mode
Random Map
Map size
Tiny (2 player)
Population
200
Speed
Normal
Resources
Standard
Victory
Conquest
Starting age
Dark Age
Ending age
Imperial Age
RankedLock teamsTeams togetherTeam positionsShared explorationLock speedFull tech treeHidden civsTurbo modeCheats
Victory
Defeat
🇵🇪 Franks · Peru
1214
+17
1244
-17
argot21
6:37 Loom
9:20 Feudal Age
9:57 Double-Bit Axe
21:27 Castle Age
21:30 Forging
21:25 Scale Barding Armor
21:21 Scale Mail Armor
22:03 Pikeman
26:26 Chain Mail Armor
35:31 Imperial Age
34:36 Fletching
35:22 Iron Casting
35:46 Bodkin Arrow
36:12 Chain Barding Armor
35:58 Town Watch
38:25 Chemistry
38:04 Cavalier
39:54 Ballistics
40:29 Plate Barding Armor
Blazing Cartesia, The Virtuous
6:22 Loom
8:48 Feudal Age
9:16 Double-Bit Axe
14:04 Horse Collar
16:29 Wheelbarrow
18:22 Bloodlines
20:14 Castle Age
20:54 Forging
20:56 Bow Saw
20:48 Heavy Plow
21:20 Scale Barding Armor
22:20 Husbandry
22:25 Gold Mining
23:55 Fletching
24:56 Crossbowman
25:44 Bodkin Arrow
28:29 Chain Barding Armor
30:14 Ballistics
32:13 Iron Casting
31:39 Padded Archer Armor
35:57 Imperial Age
35:16 Hand Cart
35:18 Thumb Ring
35:35 Stone Mining
37:26 Gold Shaft Mining
38:14 Blast Furnace
36:44 Heavy Camel Rider
38:06 Stone Shaft Mining
Connection lost

Rejoining the realm…

Still unreachable

The connection could not be restored.

Session expired

The server has moved on; the page needs a fresh start.